 Dungeon Crawl Stone Soup version 0.25-a0-85-g7617fd2bc2 (webtiles) character file.

Game seed: 13930765061657543540, levelgen mode: deterministic

366 Kilingo the Sneak (level 6, 0/42 HPs)
             Began as a Spriggan Enchanter on Nov 8, 2019.
             Slain by an adder (1 damage)
             ... on level 4 of the Dungeon.
             The game lasted 01:13:52 (4189 turns).

Kilingo the Sneak (Spriggan Enchanter)              Turns: 4189, Time: 01:13:52

Health: 0/42       AC: 23    Str:  4    XL:     6   Next: 40%
Magic:  4/14       EV:  4    Int: 19    God:
Gold:   172        SH:  0    Dex: 21    Spells: 5/14 levels left

rFire    . . .     SeeInvis +   g - +1 dagger (flame)
rCold    . . .     Gourm    .   (shield restricted)
rNeg     + + +     Faith    .   (armour currently unavailable)
rPois    +         Spirit   .   (helmet currently unavailable)
rElec    .         Reflect  .   (cloak currently unavailable)
rCorr    .         Harm     .   (gloves unavailable)
MR       +....     NoTele   +   (boots unavailable)
Stlth    +++++.....             (no amulet)
HPRegen  0.14/turn              c - ring of flight
MPRegen  0.14/turn              (no ring)

@: agile, lethally poisoned (0 -> 0), tree-form
A: very small, unfitting armour, see invisible, herbivore, slow metabolism 2
a: no special abilities


You were on level 4 of the Dungeon.
You were not hungry.
You were a tree.
You visited 1 branch of the dungeon, and saw 4 of its levels.
You also visited: Sewer.

You collected 172 gold pieces.

Inventory:

Hand Weapons
 g - a +1 dagger of flaming (weapon)
 s - a +0 short sword of freezing
 u - a +0 dagger of venom
 w - a +0 rapier
Missiles
 i - 5 boomerangs (quivered)
Armour
 b - a +0 robe (melded)
Jewellery
 c - a ring of flight (left branch)
 h - an uncursed ring of fire
Wands
 v - a wand of iceblast (6)
Scrolls
 e - 4 scrolls of teleportation
 f - 4 scrolls of immolation
 k - a scroll of enchant weapon {unknown}
 l - a scroll of amnesia
 p - a scroll of remove curse {unknown}
Potions
 m - a potion of magic
 n - a potion of invisibility {unknown}
 o - a potion of degeneration {unknown}
 q - a potion of agility
 t - a potion of haste
Comestibles
 d - 4 rations


   Skills:
 + Level 0.2 Fighting
 + Level 2.0 Short Blades
 + Level 0.7 Throwing
 + Level 3.0 Dodging
 + Level 7.1 Stealth
 + Level 4.7 Spellcasting
 + Level 5.5 Hexes
 + Level 1.0 Ice Magic
 + Level 0.4 Evocations


You had 5 spell levels left.
You knew the following spells:

 Your Spells              Type           Power        Failure   Level  Hunger
a - Corona                Hex            ####...      1%          1    None
b - Ensorcelled Hibernat  Hex/Ice        ###...       4%          2    #......
c - Confuse               Hex            ####....     4%          3    ##.....
d - Tukima's Dance        Hex            ####....     4%          3    ##.....

Your spell library contained the following spells:

 Spells                   Type           Power        Failure   Level  Hunger
 Dazzling Spray           Conj/Hex       ###...       12%         3    ##.....


Dungeon Overview and Level Annotations

Branches:
Dungeon (4/15)             Temple (0/1) D:4           Sewer (visited)

Altars:
Cheibriados
The Shining One

Annotations:
D:4 1 runed translucent door, viperstalker's ghost, novice CeFi


Innate Abilities, Weirdness & Mutations

You are very small and have problems with some larger weapons.
You are too small for most types of armour.
You have supernaturally acute eyesight. (SInv)
You are a herbivore.
((You cover ground extremely quickly.))
You need to consume almost no food.


Message History

Unknown command.
Evoke which item? (* to show all) (? for menu, Esc to quit)
Aiming: Iceblast
Press: ? - help, Shift-Dir - straight line, f/p - adder
Aim: an adder That beam is likely to hit you.
Continue anyway?
Okay, then.
Unknown command.
Really quaff the potion of lignification?
Uppercase [Y]es or [N]o only, please.
Really quaff the potion of lignification?
You turn into a tree.
Your +0 robe melds into your body.
Your roots penetrate the ground.
You feel strangely stable.
The adder bites you but does no damage. x2
You hit the adder but do no damage. The adder bites you but does no damage.
You closely miss the adder. The adder bites you but does no damage.
You closely miss the adder.
* * * LOW HITPOINT WARNING * * *
You feel sick. The adder bites you.
You die...

#.######## #.# ##.##
### ####...#######
##≈######≈##......[...
#≈†≈≈≈≈≈≈≈≈#...###.###
#≈≈≈####≈≈≈##.## #.#
##≈##≈≈##≈###.# #.#
#≈#≈♣≈≈#≈# #.# #.#
#≈#≈S≈≈#≈# #.# #.###
##≈##†≈##≈###.# #....
#≈≈≈#≈≈#≈≈≈##.########
#≈≈≈≈≈≈#≈†≈#..........
##≈######†##.#########
### #(#..# #...##
#####


You could see an adder.

Vanquished Creatures
  Purgy (Sewer)
  A jelly (D:4)
  An orc priest (D:3)
  A hound (D:4)
  An orc wizard (D:4)
  4 adders
  A river rat (D:4)
  2 worms (D:4)
  4 dart slugs
  2 leopard geckos
  6 orcs
  3 bats
  3 giant cockroaches
  8 goblins
  6 hobgoblins
  2 jackals (D:1)
  A ball python (D:2)
  15 frilled lizards
  3 kobolds
  10 rats
75 creatures vanquished.

Notes
Turn   | Place    | Note
-------+----------+-------------------------------------------
     0 | D:1      | Kilingo the Spriggan Enchanter began the quest for the Orb.
     0 | D:1      | Reached XP level 1. HP: 9/9 MP: 5/5
   623 | D:1      | Reached XP level 2. HP: 13/13 MP: 0/6
   633 | D:1      | Learned a level 2 spell: Ensorcelled Hibernation
  1344 | D:2      | Found a faded altar of an unknown god.
  1408 | D:2      | Reached skill level 5 in Stealth
  1451 | D:2      | Reached XP level 3. HP: 16/16 MP: 3/8
  1456 | D:2      | Learned a level 3 spell: Confuse
  2577 | D:3      | Reached XP level 4. HP: 21/21 MP: 1/10
  2746 | D:3      | Learned a level 3 spell: Tukima's Dance
  2897 | D:3      | Found a snail-covered altar of Cheibriados.
  3415 | D:4      | Found a glowing golden altar of the Shining One.
  3484 | D:4      | Found a runed translucent door.
  3484 | D:4      | Noticed viperstalker's ghost (novice CeFi)
  3578 | D:4      | Reached skill level 5 in Hexes
  3578 | D:4      | Reached XP level 5. HP: 18/24 MP: 4/12
  3584 | D:4      | Reached skill level 6 in Stealth
  3662 | D:4      | Found a staircase to the Ecumenical Temple.
  3983 | D:4      | Reached XP level 6. HP: 19/28 MP: 3/13
  3992 | D:4      | Found a glowing drain.
  4001 | Sewer    | Entered a sewer
  4135 | Sewer    | Noticed Purgy
  4138 | Sewer    | Killed Purgy
  4138 | Sewer    | Reached skill level 7 in Stealth
  4138 | Sewer    | Reached skill level 1 in Ice Magic
  4185 | D:4      | HP: 1/28 [poisoned by an adder]
  4189 | D:4      | Slain by an adder

Levels and vault maps discovered:
D:1:      lordsloth_arrival_two_stooges, layout_basic, kennysheep_pointless_box
D:2:      layout_loops_ring, chequers_ecumenical_altar_simple, amethyst_killhole
D:3:      layout_basic, kennysheep_slug_shrine
D:4:      minmay_chambers_of_threes, layout_loops_ring,
          minmay_temple_entry_slanted, gup_sewer_entry_bubbles,
          hellmonk_ghost_happy_afterlife, tso_metal_star

Skill      XL: |  1  2  3  4  5  6 |
---------------+-------------------+-----
Hexes          | 4 5 |  5.5
Spellcasting   | 3 4 |  4.7
Stealth        | 5 6 7 |  7.1
Short Blades   | 2 |  2.0
Ice Magic      | 1 |  1.0
Fighting       | |  0.2
Throwing       | |  0.7
Dodging        | |  3.0
Evocations     | |  0.4

Action                   |  1- 3 |  4- 6 || total
-------------------------+-------+-------++-------
Melee: Dagger            |    75 |    52 ||   127
Throw: Boomerang         |     5 |     5 ||    10
 Cast: Corona            |    26 |     8 ||    34
       Ensorcelled Hiber |    27 |    22 ||    49
       Confuse           |     3 |    11 ||    14
       Tukima's Dance    |       |     1 ||     1
Evoke: Wand              |     1 |     8 ||     9
  Use: Scroll            |     4 |     6 ||    10
       Potion            |     2 |     4 ||     6
 Stab: Sleeping          |    30 |    12 ||    42
       Confused          |       |     6 ||     6
  Eat: Ration            |     1 |     1 ||     2
Armor: Robe              |     3 |     4 ||     7
       Skin              |       |     4 ||     4
Dodge: Dodged            |    43 |    52 ||    95

Table legend:
 A = Non-vault XP
 B = Vault XP
 C = Vault XP percentage of total XP
 D = Non-vault monster count
 E = Vault monster count
 F = Vault count percentage of total count
                 A         B        C        D         E       F
            +---------+---------+-------+---------+---------+-------
      Total |     328 |     196 |  37.4 |      61 |      14 |  18.7
            +---------+---------+-------+---------+---------+-------
        D:1 |      28 |       0 |   0.0 |      17 |       0 |   0.0
        D:2 |      32 |       0 |   0.0 |      18 |       0 |   0.0
        D:3 |     103 |       4 |   3.7 |      21 |       1 |   4.5
        D:4 |     165 |      51 |  23.6 |       5 |       7 |  58.3
      Sewer |       0 |     141 | 100.0 |       0 |       6 | 100.0
            +---------+---------+-------+---------+---------+-------
